 Dungeon Crawl Stone Soup version 0.22-a0-113-gdd6f4a9 (webtiles) character file.

4308 kuniqs the Summoner (level 10, -3/63 HPs)
             Began as a Mummy Summoner on Jan 28, 2018.
             Was an Elder of Sif Muna.
             Slain by a yak (8 damage)
             ... on level 9 of the Dungeon.
             The game lasted 00:27:51 (11463 turns).

kuniqs the Summoner (Mummy Summoner)               Turns: 11463, Time: 00:27:51

Health: -3/63      AC:  7    Str: 16    XL:     10   Next: 11%
Magic:  11/15      EV: 12    Int: 21    God:    Sif Muna [****..]
Gold:   580        SH:  0    Dex: 14    Spells: 2/16 levels left

rFire    . . .     SeeInvis .   f - +5 war axe of Wyrd {flame, MR+ Str+4 Int+3}
rCold    . . .     Gourm    .   (no shield)
rNeg     + + +     Faith    .   i - +0 troll leather armour
rPois    ∞         Spirit   .   r - +1 helmet
rElec    .         Reflect  .   (no cloak)
rCorr    +         Harm     .   (no gloves)
MR       ++...                  s - +0 pair of boots
Stlth    ++........             (no amulet)
HPRegen  0.60/turn              u - ring of Laupuipn {rCorr Dex+2}
MPRegen  0.14/turn              m - ring of fire

@: divine energy
A: no food or potions, fire vulnerability, cold resistance 1, negative energy
resistance 3, torment resistance, unbreathing
a: Stop Divine Energy, Channel Magic, Forget Spell, Renounce Religion


You were on level 9 of the Dungeon.
You worshipped Sif Muna.
Sif Muna was greatly pleased with you.
You were not hungry.

You visited 2 branches of the dungeon, and saw 11 of its levels.

You collected 580 gold pieces.

Inventory:

Hand Weapons
 f - the +5 war axe of Wyrd (weapon) {flame, MR+ Str+4 Int+3}
   (You found it on level 8 of the Dungeon)

   It has been specially enchanted to burn those struck by it, causing extra
   injury to most foes and up to half again as much damage against particularly
   susceptible opponents.
   Big, fiery blades are also staple armaments of hydra-hunters.
   It affects your strength (+4).
   It affects your intelligence (+3).
   It affects your resistance to hostile enchantments.
Armour
 i - a +0 troll leather armour (worn)
 r - a +1 helmet (worn)
 s - a +0 pair of boots (worn)
Jewellery
 m - a ring of fire (right hand)
 u - the ring of Laupuipn (left hand) {rCorr Dex+2}
   (You found it on level 8 of the Dungeon)

   [ring of resist corrosion]

   It affects your dexterity (+2).
Wands
 c - a wand of iceblast (6)
 g - a wand of paralysis (16)
 l - a wand of enslavement (9)
Scrolls
 a - a scroll of fear {unknown}
 d - 2 scrolls of magic mapping
 e - 2 scrolls of enchant armour
 h - 3 scrolls of amnesia
 j - a scroll of identify {@r1}
 k - 7 scrolls of teleportation
 n - 3 scrolls of immolation
 o - 3 scrolls of blinking
 p - a scroll of brand weapon {unknown}
 q - a scroll of holy word
 t - a scroll of noise {unknown}
Books
 b - a book of Callings

   Spells                             Type                      Level
   a - Summon Small Mammal            Summoning                    1
   b - Call Imp                       Summoning                    2
   c - Call Canine Familiar           Summoning                    3
   d - Summon Guardian Golem          Hexes/Summoning              3
   e - Summon Lightning Spire         Summoning/Air                4
   f - Summon Ice Beast               Ice/Summoning                4
 v - the Collected Works on Creative Moulding
   (You found it on level 10 of the Dungeon)

   Spells                             Type                      Level
   a - Passwall                       Transmutation/Earth          2
   b - Summon Guardian Golem          Hexes/Summoning              3
   c - Summon Ice Beast               Ice/Summoning                4
   d - Aura of Abjuration             Summoning                    5
   e - Shadow Creatures               Summoning                    6


   Skills:
 - Level 1.5 Dodging
 - Level 1.5 Stealth
 + Level 3.7 Spellcasting
 + Level 12.4 Summonings


You had 2 spell levels left.
You knew the following spells:

 Your Spells              Type           Power        Failure   Level  Hunger
a - Summon Small Mammal   Summ           ####         1%          1    N/A
b - Call Imp              Summ           ######..     1%          2    N/A
c - Call Canine Familiar  Summ           ######..     1%          3    N/A
d - Summon Ice Beast      Ice/Summ       ####....     12%         4    N/A
e - Summon Lightning Spi  Summ/Air       ####....     12%         4    N/A

Dungeon Overview and Level Annotations

Branches:
Dungeon (10/15)            Temple (1/1) D:4             Orc (0/2) D:9
   Lair: D:8-11

Altars:
Ashenzari
Cheibriados
Gozag
Hepliaklqana
Kikubaaqudgha
Nemelex Xobeh
Okawaru
Qazlal
Sif Muna
Trog
Uskayaw
Vehumet
Wu Jian
Yredelemnul
The Shining One
Beogh

Annotations:
D:8 2 transporters


Innate Abilities, Weirdness & Mutations

You do not eat or drink.
Your flesh is vulnerable to fire.
You are immune to poison.
Your flesh is cold resistant. (rC+)
You are immune to negative energy. (rN+++)
You are immune to unholy pain and torment.
You can survive without breathing.


Message History

The centaur zaps a wand.
Some rock shatters into small pieces.
The wyvern zombie closely misses you.
You hear a zap.
You hear a grinding noise.
The centaur shoots an arrow.
The arrow hits you.
You see here an arrow.
The centaur zaps a wand.
Some rock shatters into small pieces.
There is a stone staircase leading up here.
The wyvern zombie closely misses you. The yak closely misses you.
The wyvern zombie bites you.
You climb upwards.
There is a stone staircase leading down here.
The yak gores you!
Unknown command.
You barely miss the yak. The yak gores you!
* * * LOW HITPOINT WARNING * * *
Your troll leather armour prevents you from hitting the yak.
Your wolf bites the yak!
Your wolf closely misses the yak.
The yak gores you!
* * * LOW HITPOINT WARNING * * *
Your wolf bites the yak!
The yak gores you!
You die...

#.. ###########
#.......... #####
#.###...... #...#
#.##....... #...#
#.##....... #...#
#.##...####
########...#####.##...####
#.......h@........'.......
#.#####.Y..#####.##...#.##
#.#..<#...######.##...#...
#.#...#..........##...#...
#.......#####.........#...
#.###.......#.#######.#.##
###########.#.#######.#.##
#........#.##......#.##
#.########.##.####.#.##


You could see a yak and a friendly wolf.

Vanquished Creatures
  A troll (D:5)
  A hornet (D:10)
  An orc warrior (D:6)
  A sky beast (D:5)
  2 phantoms
  7 centaurs
  A gnoll sergeant (D:6)
  2 bullfrogs
  2 scorpions
  2 killer bees (D:8)
  3 orc priests
  4 hounds
  A jelly (D:9)
  2 orc wizards
  3 worker ants
  A hound zombie (D:5)
  A hound skeleton (D:4)
  2 worker ant zombies (D:10)
  A howler monkey skeleton (D:9)
  5 gnolls
  3 adders
  4 adder skeletons
  2 dart slugs (D:2)
  4 leopard geckos
  10 orcs
  2 giant cockroaches
  6 goblins
  6 hobgoblins
  4 jackals
  4 quokkas
  9 bats
  2 frilled lizards
  2 kobolds
  A quokka skeleton (D:6)
  11 rats
113 creatures vanquished.

Vanquished Creatures (collateral kills)
  Pikel (D:4)
  A hippogriff (D:9)
  A yak (D:10)
  Menkaure (D:4)
  Edmund (D:4)
  6 orc warriors
  A sky beast (D:9)
  A phantom (D:9)
  8 ogres
  A big kobold (D:8)
  2 bullfrogs
  3 gnoll sergeants
  A scorpion (D:6)
  9 killer bees (D:8)
  A crimson imp (D:5)
  A bullfrog zombie (D:7)
  4 orc priests
  3 jellies
  2 hounds
  5 orc wizards
  2 iguanas
  A worker ant (D:5)
  2 adders
  3 gnolls
  A worm (D:3)
  3 dart slugs
  2 leopard geckos
  22 orcs
  A ball python (D:6)
  A giant cockroach (D:3)
  2 goblins
  A hobgoblin (D:3)
  A quokka (D:2)
  A frilled lizard (D:1)
  A jackal skeleton (D:4)
  7 kobolds
  A quokka zombie (D:6)
  4 rats
109 creatures vanquished.

Vanquished Creatures (others)
  A ball python zombie (D:5)
  11 fungi (D:10)
12 creatures vanquished.

Grand Total: 234 creatures vanquished

Notes
Turn   | Place    | Note
-------+----------+-------------------------------------------
     0 | D:1      | kuniqs the Mummy Summoner began the quest for the Orb.
     0 | D:1      | Reached XP level 1. HP: 13/13 MP: 4/4
   374 | D:1      | Reached XP level 2. HP: 11/19 MP: 3/5
   378 | D:1      | Learned a level 2 spell: Call Imp
  1246 | D:2      | Reached skill level 4 in Summonings
  1496 | D:2      | Reached XP level 3. HP: 20/24 MP: 7/7
  1541 | D:2      | Learned a level 3 spell: Call Canine Familiar
  1544 | D:2      | Noticed an ogre
  1919 | D:2      | Found a bloodstained altar of Trog.
  2045 | D:2      | Reached XP level 4. HP: 28/30 MP: 8/8
  2649 | D:2      | Killed an ogre
  2649 | D:2      | Reached skill level 5 in Summonings
  2649 | D:2      | Reached XP level 5. HP: 31/35 MP: 5/9
  3400 | D:3      | Found a faded altar of an unknown god.
  3591 | D:4      | Noticed an ogre
  3593 | D:4      | Noticed an ogre
  4306 | D:4      | Reached skill level 6 in Summonings
  4309 | D:4      | Killed an ogre
  4309 | D:4      | Reached XP level 6. HP: 16/41 MP: 3/10
  4722 | D:4      | Found a staircase to the Ecumenical Temple.
  4729 | Temple   | Entered the Ecumenical Temple
  4848 | Temple   | Became a worshipper of Sif Muna the Loreminder
  4946 | D:5      | Entered Level 5 of the Dungeon
  4961 | D:5      | Noticed Menkaure
  4972 | D:5      | Noticed Edmund
  4980 | D:4      | Killed Menkaure
  5235 | D:4      | Killed Edmund
  5235 | D:4      | Reached skill level 7 in Summonings
  5235 | D:4      | Reached XP level 7. HP: 29/46 MP: 4/11
  5560 | D:5      | Noticed Pikel
  5626 | D:4      | Killed Pikel
  5626 | D:4      | Reached * piety under Sif Muna
  5626 | D:4      | Reached skill level 8 in Summonings
  6112 | D:5      | Reached XP level 8. HP: 52/52 MP: 7/12
  6285 | D:5      | Found an opulent altar of Gozag.
  6336 | D:5      | Noticed a troll
  6367 | D:5      | Killed a troll
  6367 | D:5      | Reached skill level 9 in Summonings
  6451 | D:5      | Learned a level 4 spell: Summon Ice Beast
  6819 | D:6      | Reached ** piety under Sif Muna
  7563 | D:7      | Reached skill level 10 in Summonings
  8246 | D:6      | Reached XP level 9. HP: 26/57 MP: 3/13
  9285 | D:8      | Noticed a centaur warrior
  9286 | D:8      | Found a stormy altar of Qazlal.
  9286 | D:8      | Found a transporter.
  9286 | D:8      | Noticed a manticore
  9287 | D:8      | Noticed a centaur warrior
  9361 | D:8      | Reached skill level 11 in Summonings
  9584 | D:8      | Got a flickering silver ring
  9585 | D:8      | Identified the ring of Laupuipn {rCorr Dex+2} (You found it on level 8 of the Dungeon)
  9619 | D:8      | Reached *** piety under Sif Muna
  9705 | D:8      | Identified the +5 war axe of Wyrd {flame, MR+ Str+4 Int+3} (You found it on level 8 of the Dungeon)
  9892 | D:8      | Found a transporter.
 10642 | D:9      | Reached skill level 12 in Summonings
 10801 | D:9      | Found a staircase to the Orcish Mines.
 10808 | D:9      | Found a roughly hewn altar of Beogh.
 10899 | D:9      | Reached XP level 10. HP: 63/63 MP: 12/14
 11031 | D:10     | Entered Level 10 of the Dungeon
 11211 | D:10     | Reached **** piety under Sif Muna
 11343 | D:10     | Identified the Collected Works on Creative Moulding
 11398 | D:10     | Learned a level 4 spell: Summon Lightning Spire
 11463 | D:9      | Slain by a yak

Vault maps used:
D:1:      lightli_arrival_farm, minmay_tetromino_o2
D:2:      minmay_door_path, dk_vineyard_3, minivault_5, bloody_trog
D:3:      chequers_ecumenical_altar_lobes, minmay_misc_feat_columns
D:4:      minmay_temple_entry_grid
D:5:      first_ration, hangedman_abyss_or_decor_stagger, serial_bayou_ford_a,
          grunt_gozag_breadcrumbs, uniq_menkaure, uniq_edmund, uniq_pikel
D:7:      sword_in_stone
D:8:      gammafunk_temple_overflow_arena
D:9:      minmay_orc_entry_temple_small
D:10:     kennysheep_steamy, hangedman_pestilent_swarm
Temple:   roderic_octagonal_lattice_temple

Skill      XL: |  1  2  3  4  5  6  7  8  9 10 |
---------------+-------------------------------+-----
Summonings     | 4 5 6 7 8 10 12 | 12.4
Spellcasting   | 3 |  3.7
Dodging        | |  1.5
Stealth        | |  1.5

Action                   |  1- 3 |  4- 6 |  7- 9 | 10-12 || total
-------------------------+-------+-------+-------+-------++-------
Melee: Short sword       |    88 |   145 |       |       ||   233
       Unarmed           |     9 |       |       |       ||     9
       Quarterstaff      |       |    27 |   210 |       ||   237
       War axe           |       |       |    90 |    36 ||   126
       Dagger            |       |       |    10 |       ||    10
 Cast: Summon Small Mamm |    11 |       |     2 |       ||    13
       Call Imp          |     6 |    13 |    47 |     3 ||    69
       Call Canine Famil |     6 |    19 |    44 |     7 ||    76
       Summon Ice Beast  |       |       |     2 |     1 ||     3
       Summon Lightning  |       |       |       |     1 ||     1
Invok: Divine Energy     |       |       |     1 |       ||     1
  Use: Scroll            |       |       |    15 |     1 ||    16
 Stab: Distracted        |       |     1 |     4 |       ||     5
       Sleeping          |       |       |     2 |       ||     2
Armor: Robe              |    22 |    42 |    21 |       ||    85
       Troll leather arm |       |       |   136 |    10 ||   146
Dodge: Dodged            |    87 |   121 |   251 |    33 ||   492

Table legend:
 A = Spawn XP
 B = Non-spawn XP
 C = Spawn XP percentage of total XP
 D = Spawn monster count
 E = Non-spawn monster count
 F = Spawn count percentage of total count
 G = Total turns spent on level
                    A         B        C        D         E        F      G
               +---------+---------+-------+---------+---------+-------+---------
         Total |       0 |    6155 |   0.0 |       0 |     222 |   0.0 | 11463
               +---------+---------+-------+---------+---------+-------+---------
           D:1 |       0 |      66 |   0.0 |       0 |      21 |   0.0 |  1287
           D:2 |       0 |     103 |   0.0 |       0 |      27 |   0.0 |  1064
           D:3 |       0 |      71 |   0.0 |       0 |      23 |   0.0 |  1162
           D:4 |       0 |     811 |   0.0 |       0 |      23 |   0.0 |  1801
           D:5 |       0 |     777 |   0.0 |       0 |      20 |   0.0 |  1343
           D:6 |       0 |     803 |   0.0 |       0 |      22 |   0.0 |  1165
           D:7 |       0 |     579 |   0.0 |       0 |      16 |   0.0 |  1147
           D:8 |       0 |     972 |   0.0 |       0 |      25 |   0.0 |   927
           D:9 |       0 |    1347 |   0.0 |       0 |      33 |   0.0 |  1004
          D:10 |       0 |     626 |   0.0 |       0 |      12 |   0.0 |   429
               +---------+---------+-------+---------+---------+-------+---------
